 Dungeon Crawl Stone Soup version 0.19-a0-1051-gdb7e7f8 (webtiles) character file.

10728 Jmtri7 the Severer (level 11, -31/111 HPs)
             Began as a Hill Orc Berserker on Aug 1, 2016.
             Was a High Priest of Trog.
             Annihilated by an orc warlord
             ... wielding a +3 war axe
              (32 damage)
             ... on level 1 of the Orcish Mines.
             The game lasted 00:50:23 (11232 turns).

Jmtri7 the Severer (Hill Orc Berserker)            Turns: 11232, Time: 00:50:23

Health: -31/111    AC: 17    Str: 24    XL:     11   Next: 66%
Magic:  20/20      EV:  6    Int:  7    God:    Trog [*****.]
Gold:   413        SH:  5    Dex: 10    Spells: 0 memorised, 10 levels left

rFire  . . .     SeeInvis .     K - +2 war axe (vamp)
rCold  . . .     Gourm    .     F - +0 plate armour
rNeg   . . .     Faith    +     l - +2 buckler
rPois  .         Spirit   .     p - +0 helmet
rElec  .         Dismiss  .     t - +1 cloak {MR+}
rCorr  +         Reflect  .     E - +0 pair of gloves
SustAt .         Harm     .     o - +1 pair of boots
MR     +....                    B - amulet of faith
Stlth  ..........               z - ring of magical power
                                u - ring of resist corrosion

@: somewhat resistant to hostile enchantments, extremely unstealthy
A: no striking features
a: Berserk, Trog's Hand, Brothers in Arms, Burn Spellbooks, Renounce Religion


You were on level 1 of the Orcish Mines.
You worshipped Trog.
Trog was extremely pleased with you.
You were not hungry.

You visited 2 branches of the dungeon, and saw 12 of its levels.
You also visited: Sewer.

You collected 633 gold pieces.
You spent 220 gold pieces at shops.

Inventory:

Hand Weapons
 C - a +3 broad axe of electrocution
 K - a +2 vampiric war axe (weapon)
 L - a +2 antimagic battleaxe
Armour
 l - a +2 buckler (worn)
 o - a +1 pair of boots (worn)
 p - a +0 helmet (worn)
 t - a +1 cloak of magic resistance (worn)
 E - a +0 pair of gloves (worn)
 F - a +0 plate armour (worn)
Jewellery
 u - a ring of resist corrosion (left hand)
 z - a ring of magical power (right hand)
 B - an amulet of faith (around neck)
Wands
 b - a wand of slowing (12/48)
 i - a wand of acid (8/15)
 y - a wand of iceblast (12/15)
 I - a wand of iceblast (9/15)
 J - a wand of random effects (16/48)
 M - a wand of flame (27/48)
Scrolls
 a - a scroll of recharging
 f - 2 scrolls of enchant armour
 n - 4 scrolls of remove curse
 v - 6 scrolls of teleportation
 A - 2 scrolls of fog
Potions
 e - 2 potions of curing
 g - 3 potions of haste
 h - a potion of heal wounds
 m - 3 potions of flight
 r - 2 potions of mutation
 s - a potion of might {unknown}
 w - 2 potions of brilliance
 x - 2 potions of cancellation {unknown}
 D - 2 potions of ambrosia {unknown}
 G - a potion of invisibility
Comestibles
 c - 10 bread rations
 d - 7 fruits
 j - 3 beef jerkies
 k - 2 meat rations
 H - 4 chunks of flesh


   Skills:
 + Level 14.8 Fighting
 + Level 16.1 Axes
 - Level 2.1 Armour
 - Level 1.5 Dodging


You had 10 spell levels left.
You didn't know any spells.

Dungeon Overview and Level Annotations

Branches:
Dungeon (10/15)            Temple (0/1) D:5             Orc (2/2) D:10
    Elf (0/3) Orc:2
   Lair: D:8-11

Altars:
Makhleb
Nemelex Xobeh
Okawaru
Pakellas
Qazlal
Xom
Yredelemnul
The Shining One
Beogh

Shops:
D:6 *%


Message History

The orc warlord hits you with an enchanted war axe!
The ogre hits you with a giant club!
You climb upwards.
There is a stone staircase leading down, spattered with blood here.
The troll bites you.
The troll claws you but does no damage. x2
The orc hits you but does no damage. x2
The orc warrior hits you with a halberd.
The orc warlord roars a battlecry!
The orcs go into a battle-frenzy!
The orc warlord hits you with an enchanted war axe!
Okay, then.
You feel much better. The ogre hits you with a giant club! The troll bites you.
The troll claws you!
* * * LOW HITPOINT WARNING * * *
The troll claws you but does no damage. You block the orc's attack.
The orc hits you but does no damage.
The orc warrior hits you with a halberd!!
* * * LOW HITPOINT WARNING * * *
The orc warlord hits you with an enchanted war axe!!
You die...

### ### ##.# #.# ##..## ###.###
##....### ##.....# #.....#.##
#......## #.....#..# ##.......#
#####......####oo.....####
##.##.........#T@o........##
#..............oO).##......##
#...................###.....###
.......##........##.#.........##
......#####.......####.........#
.......##.....)...#####....#..##
........#.........#.#.#.<..#.##
###....##.....##...##......###
#.##........###...)#....###


You could see an orc warlord, a troll, an orc warrior, an ogre and 2 orcs.

Vanquished Creatures
  An unseen horror (D:7)
  A hill giant (D:10)
  Pikel (D:8)
  2 orc knights
  Joseph (D:9)
  4 trolls
  A two-headed ogre (D:9)
  Grinder (D:4)
  The ghost of jlc4533 the Sneak, an amateur SpEn (D:4)
  Eustachio (D:4)
  3 yaks (D:10)
  A hippogriff (D:7)
  2 hungry ghosts
  A warg (Orc:1)
  Purgy (Sewer)
  14 orc warriors
  2 ice beasts
  A slave (D:8)
  A phantom (D:9)
  2 sky beasts
  A wasp (D:9)
  The ghost of melkoren the Slasher, an amateur MiGl (D:3)
  2 necrophages
  5 ogres
  2 centaurs
  6 giant frogs
  A gnoll sergeant (D:5)
  5 scorpions
  A water moccasin skeleton (D:10)
  6 killer bees (D:9)
  4 wights (D:9)
  5 howler monkeys
  8 crimson imps
  A giant frog zombie (D:10)
  A quasit (D:10)
  5 hounds
  Crazy Yiuf (D:3)
  6 orc priests
  A jelly (D:8)
  2 giant frog skeletons
  Ijyb (D:2)
  Terence (D:3)
  An iguana (D:6)
  7 orc wizards
  6 worker ants
  A killer bee zombie (D:8)
  2 worker ant zombies (D:5)
  Robin (D:3)
  3 gnolls (D:5)
  10 adders
  A shadow imp (D:8)
  4 oozes
  2 adder skeletons
  An adder zombie (D:5)
  4 worms
  4 dart slugs
  10 giant geckos
  51 orcs
  6 bats
  6 giant cockroaches
  17 goblins
  8 hobgoblins
  21 jackals
  8 quokkas
  A ball python (D:5)
  A ball python skeleton (D:6)
  A giant gecko skeleton (D:8)
  7 giant newts
  A jackal zombie (D:8)
  12 kobolds
  10 rats
315 creatures vanquished.

Vanquished Creatures (others)
  A human (D:5)
1 creature vanquished.

Grand Total: 316 creatures vanquished

Notes
Turn   | Place    | Note
-------+----------+-------------------------------------------
     0 | D:1      | Jmtri7 the Hill Orc Berserker began the quest for the Orb.
     0 | D:1      | Reached XP level 1. HP: 19/19 MP: 1/1
    54 | D:1      | HP: 1/20 [hobgoblin/club (2)]
    57 | D:1      | Reached XP level 2. HP: 2/27 MP: 2/2
   741 | D:1      | Reached XP level 3. HP: 21/33 MP: 3/3
   779 | D:1      | Reached skill level 5 in Axes
  1177 | D:1      | Reached ** piety under Trog
  1233 | D:2      | Noticed Ijyb
  1257 | D:2      | Killed Ijyb
  1257 | D:2      | Reached XP level 4. HP: 38/41 MP: 4/4
  1827 | D:2      | Reached skill level 5 in Fighting
  1915 | D:2      | Reached skill level 6 in Axes
  2006 | D:2      | Reached XP level 5. HP: 47/48 MP: 5/5
  2277 | D:3      | Noticed Robin
  2282 | D:3      | Killed Robin
  2283 | D:3      | Reached *** piety under Trog
  2284 | D:3      | Noticed Terence
  2293 | D:3      | Killed Terence
  2386 | D:3      | Noticed melkoren's ghost (amateur MiGl)
  2388 | D:3      | Received a gift from Trog
  2402 | D:3      | Killed melkoren's ghost
  2402 | D:3      | Reached skill level 7 in Axes
  2402 | D:3      | Reached XP level 6. HP: 40/57 MP: 6/6
  2936 | D:3      | Found a runed door.
  2946 | D:3      | Noticed Crazy Yiuf
  2954 | D:3      | Killed Crazy Yiuf
  3568 | D:4      | Noticed Eustachio
  3576 | D:4      | Found a shimmering altar of Xom.
  3578 | D:4      | Reached skill level 8 in Axes
  3578 | D:4      | Reached XP level 7. HP: 64/64 MP: 7/7
  3592 | D:4      | Killed Eustachio
  3705 | D:4      | Noticed Grinder
  3746 | D:4      | Paralysed by Grinder for 5 turns
  3950 | D:4      | Killed Grinder
  3950 | D:4      | Reached skill level 9 in Axes
  4072 | D:4      | Reached **** piety under Trog
  4072 | D:4      | Reached XP level 8. HP: 71/74 MP: 8/8
  4106 | D:4      | Noticed jlc4533's ghost (amateur SpEn)
  4140 | D:4      | Killed jlc4533's ghost
  4374 | D:4      | Found a glowing golden altar of the Shining One.
  4376 | D:4      | Noticed an angel
  4385 | D:4      | Found a basalt altar of Yredelemnul.
  4387 | D:4      | Noticed a profane servitor
  4721 | D:5      | Entered Level 5 of the Dungeon
  4768 | D:5      | Reached skill level 10 in Axes
  4774 | D:5      | Found a sand-covered staircase.
  4915 | D:5      | Found a staircase to the Ecumenical Temple.
  4991 | D:5      | Found a glowing drain.
  5018 | Sewer    | Entered a sewer
  5082 | Sewer    | Noticed Purgy
  5094 | Sewer    | Killed Purgy
  5237 | D:5      | Reached skill level 11 in Axes
  5237 | D:5      | Reached XP level 9. HP: 85/85 MP: 9/9
  5338 | D:5      | Reached ***** piety under Trog
  5338 | D:5      | Reached skill level 10 in Fighting
  5806 | D:5      | Found an oddly glowing altar of Pakellas.
  5812 | D:5      | Noticed a red very ugly thing
  5959 | D:5      | Received a gift from Trog
  6201 | D:6      | Found Bise's Food Shoppe.
  6206 | D:6      | Bought a bread ration for 55 gold pieces
  6206 | D:6      | Bought a bread ration for 55 gold pieces
  6206 | D:6      | Bought a bread ration for 55 gold pieces
  6206 | D:6      | Bought a bread ration for 55 gold pieces
  6533 | D:6      | Found Puucef's Elemental Accessories.
  6546 | D:6      | Got an ancient robe
  6557 | D:6      | Identified the +1 robe of Qesiwka {rN+} (You found it on level 6 of the Dungeon)
  6846 | D:6      | Reached skill level 12 in Axes
  7464 | D:7      | Killed an unseen horror
  7464 | D:7      | Reached skill level 13 in Axes
  7464 | D:7      | Reached XP level 10. HP: 86/97 MP: 10/10
  8323 | D:8      | Found a stormy altar of Qazlal.
  8578 | D:8      | Noticed Pikel
  8589 | D:8      | Killed Pikel
  8883 | D:9      | Reached skill level 14 in Axes
  9042 | D:9      | Found a sparkling altar of Nemelex Xobeh.
  9042 | D:9      | Found a burning altar of Makhleb.
  9046 | D:9      | Found an iron altar of Okawaru.
  9203 | D:9      | Noticed Joseph
  9218 | D:9      | Killed Joseph
  9547 | D:10     | Entered Level 10 of the Dungeon
  9554 | D:10     | Reached XP level 11. HP: 107/107 MP: 11/11
  9571 | D:10     | Reached skill level 15 in Axes
  9738 | D:10     | Found a roughly hewn altar of Beogh.
  9742 | D:10     | Found a staircase to the Orcish Mines.
  9744 | D:10     | Received a gift from Trog
 10214 | D:10     | Noticed a hill giant
 10222 | D:10     | Killed a hill giant
 10446 | Orc:1    | Entered Level 1 of the Orcish Mines
 10447 | Orc:1    | Noticed an orc knight
 10460 | Orc:1    | Killed an orc knight
 10690 | Orc:2    | Entered Level 2 of the Orcish Mines
 10690 | Orc:2    | Found a staircase to the Elven Halls.
 10690 | Orc:2    | Noticed an orc warlord
 10690 | Orc:2    | Noticed an orc knight
 10697 | Orc:2    | Killed an orc knight
 10697 | Orc:2    | Reached skill level 16 in Axes
 11232 | Orc:1    | HP: 1/111 [orc warrior/halberd (26)]
 11232 | Orc:1    | Annihilated by an orc warlord

Vault maps used:
D:1:      lightli_arrival_boilingwater, grunt_decor_one_mirror,
          grunt_decor_arrowhead
D:2:      first_bread, uniq_iyjb
D:3:      uniq_robin, uniq_crazy_yiuf_cottage, uniq_terence
D:4:      grunt_temple_overflow_holy_war, led_xom_imps, uniq_eustachio,
          uniq_grinder
D:5:      gammafunk_pakellas_its_alive, portal_sewer_entry_f,
          nicolae_ossuary_entry_ruins
D:6:      serial_shops, nicolae_shop_crystal, nicolae_elemental_shop
D:8:      basic_altar, uniq_pikel
D:9:      gammafunk_temple_overflow_forgotten, uniq_joseph
D:10:     david_orc_5
Orc:1:    small_statue_alley_c, uniq_harold
Orc:2:    st_orc_congregation, uniq_maurice
Sewer:    sewer_the_crocodile

Skill      XL: |  1  2  3  4  5  6  7  8  9 10 11 |
---------------+----------------------------------+-----
Fighting       | 4 5 6 8 9 11 13 14 | 14.8
Axes           | 5 6 7 8 9 11 13 14 16 | 16.1
Armour         | |  2.1
Dodging        | |  1.5

Action                   |  1- 3 |  4- 6 |  7- 9 | 10-12 || total
-------------------------+-------+-------+-------+-------++-------
Melee: Hand axe          |    81 |   246 |   203 |       ||   530
       Mace              |       |    11 |       |       ||    11
       War axe           |       |       |    82 |       ||    82
       Broad axe         |       |       |    69 |   214 ||   283
Invok: Berserk           |     1 |     4 |     8 |     7 ||    20
       Burn Spellbooks   |       |       |     1 |       ||     1
Evoke: Wand              |       |       |       |     1 ||     1
  Use: Scroll            |       |     6 |    13 |     4 ||    23
       Potion            |       |       |       |     1 ||     1
  Eat: Chunk             |     1 |    12 |    18 |    24 ||    55
       Bread ration      |       |       |     1 |       ||     1
       Royal jelly       |       |       |       |     2 ||     2
Armor: Animal skin       |     6 |       |       |       ||     6
       Ring mail         |     8 |    52 |       |       ||    60
       Chain mail        |       |    55 |   135 |       ||   190
       Plate armour      |       |       |    37 |   111 ||   148
Dodge: Dodged            |    40 |    86 |    88 |    44 ||   258
Block: Buckler           |       |    37 |    60 |    39 ||   136
